PL
BOSTON PATRIOTS @ ATHLETIC CLUB KC
05/20/2026
 
TOP OF THE 1ST
Boston Patriots batting - Pitching for Athletic Club KC : RHP Pedro Ramírez
Pitching: RHP Pedro Ramírez
Batting: RHB Tommy Jones 0-0: Ball
1-0: Swinging Strike
1-1: Ball
2-1: Foul Ball, location: 2F
2-2: Foul Ball, location: 2F
2-2: Ball
3-2: Reached on error, E6 (Groundball, 6)
Batting: RHB Tamasaburo Kato 0-0: Foul Ball, location: 2F
0-1: Ball
1-1: Swinging Strike
1-2: Foul Ball, location: 2F
1-2: Ball
2-2: Fly out, F5 (Popup, 5S)
Batting: RHB Brent Ryan 0-0: Ball
1-0: Foul Ball, location: 2F
1-1: Ball
2-1: Ball
3-1: 2-RUN HOME RUN (Flyball, 7D), Distance : 398 ft
Batting: RHB Terry Armstrong 0-0: Ball
1-0: SINGLE (Line Drive, 9S)
Batting: LHB Ki-tak Im 0-0: Ball
1-0: Foul Ball, location: 2F
1-1: Swinging Strike
1-2: Foul Ball, location: 2F
1-2: Ball
Wild Pitch!
Terry Armstrong to second
2-2: Ball
3-2: Fly out, F2 (Popup, 5S)
Batting: LHB Timmy Appeldoorn 0-0: Swinging Strike
0-1: Foul Ball, location: 2F
0-2: Ball
1-2: Fly out, F9 (Flyball, 9LS)
Top of the 1st over - 2 run(s), 2 hit(s), 1 error(s), 1 left on base; Boston 2 - Athletic Club KC 0
BOTTOM OF THE 1ST
Athletic Club KC batting - Pitching for Boston Patriots : RHP Tom Reynolds
Pitching: RHP Tom Reynolds
Batting: RHB Jorge Trevino 0-0: Ground out 6-3 (Groundball, 6)
Batting: SHB Eric Moore 0-0: Called Strike
0-1: Ball
1-1: Foul Ball, location: 2F
1-2: Ball
2-2: Fly out, F8 (Flyball, 8LS)
Batting: RHB David Edwards 0-0: Called Strike
0-1: Hit by Pitch
Batting: SHB Pedro Vázquez 0-0: Ball
1-0: Ball
2-0: Called Strike
2-1: Swinging Strike
2-2: Ball
3-2: Foul Ball, location: 2F
3-2: Foul Ball, location: 2F
3-2: Foul Ball, location: 2F
3-2: Strikes out swinging
Bottom of the 1st over - 0 run(s), 0 hit(s), 0 error(s), 1 left on base; Boston 2 - Athletic Club KC 0
TOP OF THE 2ND
Boston Patriots batting - Pitching for Athletic Club KC : RHP Pedro Ramírez
Batting: LHB Bill Chambers 0-0: Called Strike
0-1: DOUBLE (Flyball, 78D)
Batting: LHB Ramón Félix 0-0: Swinging Strike
0-1: Foul Ball, location: 2F
0-2: Ball
1-2: SINGLE (Groundball, 34D)
Bill Chambers to third
Batting: LHB Jorge Pérez 0-0: Called Strike
0-1: Grounds into double play, 5-4-3 (Groundball, 56)
Bill Chambers scores
Batting: RHB Tommy Jones 0-0: Ground out 6-3 (Groundball, 6)
Top of the 2nd over - 1 run(s), 2 hit(s), 0 error(s), 0 left on base; Boston 3 - Athletic Club KC 0
BOTTOM OF THE 2ND
Athletic Club KC batting - Pitching for Boston Patriots : RHP Tom Reynolds
Batting: RHB Ramón Souza 0-0: Ball
1-0: Ball
2-0: Called Strike
2-1: Swinging Strike
2-2: Foul Ball, location: 2F
2-2: Strikes out swinging
Batting: RHB Todd Blake 0-0: Ball
1-0: Called Strike
1-1: Ball
2-1: Called Strike
2-2: Foul Ball, location: 2F
2-2: Foul Ball, location: 2F
2-2: SINGLE (Line Drive, 78S)
Batting: SHB David Henderson 0-0: Foul Ball, location: 2F
0-1: Fielders Choice at 2nd, 4-6 (Groundball, 34)
Batting: RHB Dao-zi Dai 0-0: Ball
1-0: Called Strike
1-1: Ball
2-1: Fly out, F8 (Flyball, 89M)
Bottom of the 2nd over - 0 run(s), 1 hit(s), 0 error(s), 1 left on base; Boston 3 - Athletic Club KC 0
TOP OF THE 3RD
Boston Patriots batting - Pitching for Athletic Club KC : RHP Pedro Ramírez
Batting: RHB Tamasaburo Kato 0-0: Swinging Strike
0-1: Foul Ball, location: 2F
0-2: Ball
1-2: Foul Ball, location: 2F
1-2: Ball
2-2: Ball
3-2: Fly out, F9 (Flyball, 89M)
Batting: RHB Brent Ryan 0-0: Ball
1-0: Called Strike
1-1: Swinging Strike
1-2: Strikes out looking
Batting: RHB Terry Armstrong 0-0: Foul Ball, location: 2F
0-1: Foul Ball, location: 2F
0-2: Foul Ball, location: 2F
0-2: Ball
1-2: Foul Ball, location: 2F
1-2: DOUBLE (Flyball, 8RD)
Batting: LHB Ki-tak Im 0-0: Ball
Passed Ball!
Terry Armstrong to third
1-0: Fly out, F8 (Flyball, 8RS)
Top of the 3rd over - 0 run(s), 1 hit(s), 0 error(s), 1 left on base; Boston 3 - Athletic Club KC 0
BOTTOM OF THE 3RD
Athletic Club KC batting - Pitching for Boston Patriots : RHP Tom Reynolds
Batting: RHB Harry Fuller 0-0: Fly out, F7 (Line Drive, 7)
Batting: RHB Jorge Trevino 0-0: Fly out, F5 (Line Drive, 5S)
Batting: SHB Eric Moore 0-0: Called Strike
0-1: Foul Ball, location: 2F
0-2: Ball
1-2: Ball
2-2: Strikes out swinging
Bottom of the 3rd over - 0 run(s), 0 hit(s), 0 error(s), 0 left on base; Boston 3 - Athletic Club KC 0
TOP OF THE 4TH
Boston Patriots batting - Pitching for Athletic Club KC : RHP Pedro Ramírez
Batting: LHB Timmy Appeldoorn 0-0: SINGLE (Flyball, 8RS)
Batting: LHB Bill Chambers 0-0: Fly out, F8 (Flyball, 8LD)
Batting: LHB Ramón Félix 0-0: Called Strike
0-1: Fly out, F9 (Flyball, 9)
Batting: LHB Jorge Pérez 0-0: Ball
1-0: Fly out, F7 (Flyball, 7)
Top of the 4th over - 0 run(s), 1 hit(s), 0 error(s), 1 left on base; Boston 3 - Athletic Club KC 0
BOTTOM OF THE 4TH
Athletic Club KC batting - Pitching for Boston Patriots : RHP Tom Reynolds
Batting: RHB David Edwards 0-0: Called Strike
0-1: Ball
1-1: Ground out 4-3 (Groundball, 4)
Batting: SHB Pedro Vázquez 0-0: Foul Ball, location: 2F
0-1: Ball
1-1: Ball
2-1: Fly out, F7 (Line Drive, 7D)
Batting: RHB Ramón Souza 0-0: Ball
1-0: Ball
2-0: Foul Ball, location: 2F
2-1: Ground out 1-3 (Groundball, 13)
Bottom of the 4th over - 0 run(s), 0 hit(s), 0 error(s), 0 left on base; Boston 3 - Athletic Club KC 0
TOP OF THE 5TH
Boston Patriots batting - Pitching for Athletic Club KC : RHP Pedro Ramírez
Batting: RHB Tommy Jones Error on foul ball, E2
0-1: Ball
1-1: Ball
2-1: Called Strike
2-2: Ball
3-2: Ground out 6-3 (Groundball, 6)
Batting: RHB Tamasaburo Kato 0-0: Ball
1-0: Ball
2-0: Ball
3-0: Base on Balls
Batting: RHB Brent Ryan 0-0: Called Strike
0-1: Swinging Strike
0-2: Ball
1-2: Ball
2-2: Foul Ball, location: 2F
2-2: Foul Ball, location: 2F
2-2: Strikes out looking
Batting: RHB Terry Armstrong 0-0: Foul Ball, location: 2F
0-1: Ball
1-1: Ball
2-1: Swinging Strike
2-2: Foul Ball, location: 2F
2-2: Foul Ball, location: 2F
2-2: Ball
3-2: DOUBLE (Line Drive, 9LM)
Tamasaburo Kato to third
Tamasaburo Kato scores
Batting: LHB Ki-tak Im 0-0: SINGLE (Line Drive, 34D)
Terry Armstrong to third
Runner from 3rd tries for Home, SAFE, no throw
Batting: LHB Timmy Appeldoorn 0-0: Ball
1-0: Called Strike
1-1: Ball
2-1: 2-RUN HOME RUN (Flyball, 9D), Distance : 395 ft
Batting: LHB Bill Chambers 0-0: Called Strike
0-1: Foul Ball, location: 2F
0-2: SINGLE (Groundball, 4D)
Pitching: LHP Emílio Raias
Batting: LHB Ramón Félix 0-0: Fly out, F9 (Flyball, 9)
Top of the 5th over - 4 run(s), 4 hit(s), 1 error(s), 1 left on base; Boston 7 - Athletic Club KC 0
BOTTOM OF THE 5TH
Athletic Club KC batting - Pitching for Boston Patriots : RHP Tom Reynolds
Batting: RHB Todd Blake 0-0: Foul Ball, location: 2F
0-1: Ball
1-1: Foul Ball, location: 2F
1-2: SINGLE (Groundball, 6MD)
Batting: SHB David Henderson 0-0: Ball
1-0: Called Strike
1-1: Ball
2-1: Swinging Strike
2-2: Strikes out looking
Batting: RHB Dao-zi Dai 0-0: Swinging Strike
0-1: Ball
Passed Ball!
Todd Blake to second
1-1: Ball
2-1: Foul Ball, location: 2F
2-2: Ground out 5-3 (Groundball, 56)
Batting: RHB Harry Fuller 0-0: Ball
1-0: Fly out, F4 (Line Drive, 4M)
Bottom of the 5th over - 0 run(s), 1 hit(s), 0 error(s), 1 left on base; Boston 7 - Athletic Club KC 0
TOP OF THE 6TH
Boston Patriots batting - Pitching for Athletic Club KC : LHP Emílio Raias
Batting: LHB Jorge Pérez 0-0: Called Strike
0-1: SINGLE (Line Drive, 78S)
Batting: RHB Tommy Jones 0-0: Ball
1-0: Foul Ball, location: 2F
1-1: Foul Ball, location: 2F
1-2: Ball
Wild Pitch!
Jorge Pérez to second
2-2: Ball
3-2: Base on Balls
Batting: RHB Tamasaburo Kato 0-0: Called Strike
0-1: Ball
1-1: Called Strike
1-2: Ball
2-2: Foul Ball, location: 2F
2-2: Foul Ball, location: 2F
2-2: Foul Ball, location: 2F
2-2: Ball
3-2: Foul Ball, location: 2F
3-2: Fly out, F1 (Line Drive, 15)
Batting: RHB Brent Ryan 0-0: Ball
1-0: Called Strike
1-1: Swinging Strike
1-2: Strikes out swinging
Batting: RHB Terry Armstrong 0-0: Ground out 5-3 (Groundball, 56S)
Top of the 6th over - 0 run(s), 1 hit(s), 0 error(s), 2 left on base; Boston 7 - Athletic Club KC 0
BOTTOM OF THE 6TH
Athletic Club KC batting - Pitching for Boston Patriots : RHP Tom Reynolds
Batting: RHB Jorge Trevino 0-0: Fly out, F8 (Flyball, 8RD)
Batting: SHB Eric Moore 0-0: Ball
1-0: Foul Ball, location: 2F
1-1: Swinging Strike
1-2: Ground out 4-3 (Groundball, 4)
Batting: RHB David Edwards 0-0: Ball
1-0: Ball
2-0: Ball
3-0: Called Strike
3-1: Base on Balls
Batting: SHB Pedro Vázquez 0-0: Swinging Strike
0-1: Ball
1-1: Foul Ball, location: 2F
1-2: Ball
2-2: Strikes out swinging
Bottom of the 6th over - 0 run(s), 0 hit(s), 0 error(s), 1 left on base; Boston 7 - Athletic Club KC 0
TOP OF THE 7TH
Boston Patriots batting - Pitching for Athletic Club KC : LHP Emílio Raias
Batting: LHB Ki-tak Im 0-0: Foul Ball, location: 2F
0-1: Ball
1-1: Ball
2-1: Foul Ball, location: 2F
2-2: SINGLE (Line Drive, 89S)
Batting: LHB Timmy Appeldoorn 0-0: Ball
1-0: Called Strike
1-1: Grounds into double play, 6-4-3 (Groundball, 6)
Batting: LHB Bill Chambers 0-0: Ground out 4-3 (Groundball, 4)
Top of the 7th over - 0 run(s), 1 hit(s), 0 error(s), 0 left on base; Boston 7 - Athletic Club KC 0
BOTTOM OF THE 7TH
Athletic Club KC batting - Pitching for Boston Patriots : RHP Tom Reynolds
Batting: RHB Ramón Souza 0-0: Called Strike
0-1: Foul Ball, location: 2F
0-2: Ground out 6-3 (Groundball, 6)
Batting: RHB Todd Blake 0-0: Foul Ball, location: 2F
0-1: Ball
1-1: Called Strike
1-2: Strikes out swinging
Batting: SHB David Henderson 0-0: Ball
1-0: Ball
2-0: Ground out U3 (Groundball, 34)
Bottom of the 7th over - 0 run(s), 0 hit(s), 0 error(s), 0 left on base; Boston 7 - Athletic Club KC 0
TOP OF THE 8TH
Boston Patriots batting - Pitching for Athletic Club KC : LHP Emílio Raias
Batting: LHB Ramón Félix 0-0: Ball
1-0: Foul Ball, location: 2F
1-1: Ball
2-1: Reached on error, E4 (Groundball, 34)
Batting: LHB Jorge Pérez 0-0: Ground out 3-1 (Groundball, 34S)
Ramón Félix to second
Batting: RHB Tommy Jones 0-0: Ball
1-0: Foul Ball, location: 2F
1-1: Ball
2-1: Ball
3-1: Called Strike
3-2: SINGLE (Line Drive, 7S)
Ramón Félix to third
Batting: RHB Tamasaburo Kato 0-0: Ball
1-0: Ball
2-0: Ball
3-0: Called Strike
3-1: Base on Balls
Tommy Jones to second
Batting: RHB Brent Ryan 0-0: Ball
1-0: Fly out, F7 (Flyball, 7S)
Batting: RHB Terry Armstrong 0-0: Called Strike
0-1: Fielders Choice at 2nd, 6-4 (Groundball, 6)
Top of the 8th over - 0 run(s), 1 hit(s), 1 error(s), 2 left on base; Boston 7 - Athletic Club KC 0
BOTTOM OF THE 8TH
Athletic Club KC batting - Pitching for Boston Patriots : RHP Tom Reynolds
Batting: RHB Dao-zi Dai 0-0: Ball
1-0: Called Strike
1-1: Ball
2-1: Ground out 6-3 (Groundball, 6)
Batting: RHB Harry Fuller 0-0: Ball
1-0: Called Strike
1-1: Foul Ball, location: 2F
1-2: Ball
2-2: Ball
3-2: Base on Balls
Pitching: RHP Kirby Brown
Batting: RHB Jorge Trevino 0-0: Ball
1-0: Called Strike
1-1: Fly out, F8 (Flyball, 89M)
Batting: SHB Eric Moore 0-0: Called Strike
0-1: Ground out 1-3 (Groundball, 13S)
Bottom of the 8th over - 0 run(s), 0 hit(s), 0 error(s), 1 left on base; Boston 7 - Athletic Club KC 0
TOP OF THE 9TH
Boston Patriots batting - Pitching for Athletic Club KC : LHP Emílio Raias
Pitching: RHP Eric Lang
Batting: LHB Ki-tak Im 0-0: Ball
1-0: Ball
2-0: Ball
3-0: Called Strike
3-1: Base on Balls
Batting: LHB Timmy Appeldoorn 0-0: Ball
1-0: Ball
2-0: Called Strike
2-1: Fly out, F9 (Flyball, 9)
Batting: LHB Bill Chambers 0-0: Ball
1-0: SINGLE (Groundball, 4MD)
Ki-tak Im to second
Runner from 2nd tries for 3rd, SAFE, throw made to third
Batting: LHB Ramón Félix 0-0: Called Strike
0-1: Called Strike
0-2: Ball
1-2: Ball
2-2: Foul Ball, location: 2F
2-2: Ball
3-2: Ground out 4-3 (Groundball, 4)
Ki-tak Im scores
Bill Chambers to second
Batting: LHB Jorge Pérez 0-0: Called Strike
0-1: Ball
1-1: Fly out, F9 (Flyball, 89M)
Top of the 9th over - 1 run(s), 1 hit(s), 0 error(s), 1 left on base; Boston 8 - Athletic Club KC 0
BOTTOM OF THE 9TH
Athletic Club KC batting - Pitching for Boston Patriots : RHP Kirby Brown
Batting: RHB David Edwards 0-0: Ball
1-0: Called Strike
1-1: Swinging Strike
1-2: Strikes out looking
Batting: SHB Pedro Vázquez 0-0: SOLO HOME RUN (Flyball, 89XD), Distance : 436 ft
Batting: RHB Ramón Souza 0-0: Ball
1-0: Foul Ball, location: 2F
1-1: Called Strike
1-2: Foul Ball, location: 2F
1-2: Ball
2-2: Ground out 6-3 (Groundball, 6MD)
Batting: RHB Todd Blake 0-0: Fly out, F6 (Line Drive, 6)
Bottom of the 9th over - 1 run(s), 1 hit(s), 0 error(s), 0 left on base; Boston 8 - Athletic Club KC 1
Monday, March 20th, 2017 - OOTP Baseball 17.12 Build 75